 Dungeon Crawl Stone Soup version 0.17.0-7-gfadd4cc (webtiles) character file.

7 dysrexia the Magician (level 1, -3/7 HPs)
             Began as a Felid Wizard on Nov 9, 2015.
             Slain by a kobold
             ... wielding a +0 whip
              (8 damage)
             ... on level 1 of the Dungeon.
             The game lasted 00:02:26 (439 turns).

dysrexia the Magician (Felid Wizard)                 Turns: 439, Time: 00:02:26

Health: -3/7       AC:  1    Str:  3    XL:     1   Next: 91%
Magic:  0/5        EV: 17    Int: 19    God:
Gold:   16         SH:  0    Dex: 14    Spells: 1 memorised, 5 levels left
                                        Lives:  0   Deaths: 0

rFire  . . .     SeeInvis +     (weapon unavailable)
rCold  . . .     Clarity  .     (armour unavailable)
rNeg   . . .     SustAt   .     (shield unavailable)
rPois  .         Gourm    .     (helmet unavailable)
rElec  .         Spirit   .     (cloak unavailable)
rCorr  .         Warding  .     (gloves unavailable)
rMut   .         Stasis   .     (boots unavailable)
MR     .....                    (no amulet)
Stlth  +++.......               (no ring)
                                (no ring)

@: very slightly contaminated, quick, not resistant to hostile enchantments,
fairly stealthy
A: no armour, no weapons or thrown items, claws 1, fangs 3, see invisible,
carnivore 3, speed 1, shaggy fur 1, slow metabolism 1, sharp paws
a: no special abilities


You were on level 1 of the Dungeon.
You were very full.

You visited 1 branch of the dungeon, and saw 1 of its levels.

You collected 16 gold pieces.

Inventory:

Jewellery
 c - an uncursed ring of poison resistance {unknown}
Books
 a - a book of Minor Magic

   Spells                             Type                      Level
   a - Magic Dart                     Conjuration                  1
   b - Blink                          Translocation                2
   c - Call Imp                       Summoning                    2
   d - Repel Missiles                 Charms/Air                   2
   e - Slow                           Hexes                        2
   f - Conjure Flame                  Conjuration/Fire             3
   g - Mephitic Cloud                 Conjuration/Poison/Air       3
Comestibles
 b - a meat ration


   Skills:
 - Level 2.6 Dodging
 + Level 3.0 Stealth
 * Level 3.1 Spellcasting
 * Level 1.2 Conjurations
   Level 1.0 Summonings
   Level 1.5 Translocations


You had 5 spell levels left.
You knew the following spells:

 Your Spells              Type           Power        Failure   Level  Hunger
a - Magic Dart            Conj           #...         10%         1    None


Dungeon Overview and Level Annotations

Branches:
Dungeon (1/15)

Altars:


Innate Abilities, Weirdness & Mutations

You cannot wear armour.
You are incapable of wielding weapons or throwing items.
You have sharp claws.
You have razor-sharp teeth.
You have supernaturally acute eyesight.
You are carnivorous and can eat meat at any time.
You cover ground quickly.
You are covered in fur (AC +1).
You have a slow metabolism.
Your sharp claws are effective at attacking unaware monsters.


Message History

Casting: Magic Dart
Confirm with . or Enter, or press ? or * to list all spells.
Aiming: Magic Dart
Press: ? - help, Shift-Dir - straight line, f/p - kobold
Aim: a kobold, wielding a whip The magic dart hits the kobold.
The kobold is moderately wounded.
There is an open door here.
Casting: Magic Dart
Confirm with . or Enter, or press ? or * to list all spells.
Aiming: Magic Dart
Press: ? - help, Shift-Dir - straight line, f/p - kobold
Aim: a kobold, wielding a whip (moderately wounded)
You miscast Magic Dart.
Nothing appears to happen.
The kobold hits you with a whip.
You scratch the kobold.
The kobold is severely wounded.
The kobold hits you with a whip!
Ouch! That really hurt!
You die...

#.##.##....................###.
#.#.......##....##########.....
#.##.##..###.....# #.....
#.##.##.........## #.....
#........#####.## #.#...
####.##### #.# #..... #...# #.#
##...≈≈ #.# ##K## #...≈≈. #.#
##.@.## #..≈≈.♣ #.### ##.....##
##.≈≈... #.#.## ##.......##
##..≈....
#....####.........####...≈..8.
#.......'.........'......≈≈.♣.
#....####....)....####....≈≈..
#...## ##.......## ##.#..≈≈.
##.## ##.....## #......≈≈ #.#
##...## #.####...


You could see a kobold.

Vanquished Creatures
  A bat (D:1)
  A goblin (D:1)
  2 hobgoblins (D:1)
  3 rats (D:1)
7 creatures vanquished.

Notes
Turn   | Place    | Note
--------------------------------------------------------------
     0 | D:1      | dysrexia the Felid Wizard began the quest for the Orb.
     0 | D:1      | Reached XP level 1. HP: 7/7 MP: 5/5
   102 | D:1      | Reached skill level 1 in Conjurations
   439 | D:1      | Slain by a kobold

Action                   || total
-------------------------++-------
Melee: Unarmed           ||     6
 Cast: Magic Dart        ||    15
 Stab: Sleeping          ||     2
  Eat: Chunk             ||     4
